Map: Galactic Process LE

Players

KingTesla (Rob)

  • Race: Protoss Protoss
  • League: Grandmaster

RuFF - Winner!

  • Race: Terran Terran
  • League: Grandmaster

Event: Cheesadelphia Summer 2016

VOD

Have the link to the VOD?

Description

Time

  • Played on: July 23, 2016, 9:14 p.m.
  • Length: 6:47

All games in this series

Show
View Real Time Build Order
Export as new Build Order

KingTesla Protoss 

Build Orders:  

Get SALT Encoding   

  12  0:00  Probe (Chrono Boost)  
  13  0:11  Probe (Chrono Boost)  
  14  0:17  Pylon  
  14  0:22  Probe (Chrono Boost)  
  16  0:35  Probe (Chrono Boost)  
  16  0:36  Gateway  
  16  0:46  Probe (Chrono Boost)  
  17  0:56  Assimilator x2  
  17  0:57  Probe (Chrono Boost)  
  18  1:04  Pylon  
  18  1:07  Probe (Chrono Boost)  
  19  1:18  Probe (Chrono Boost)  
  20  1:24  Cybernetics Core  
  20  1:28  Probe (Chrono Boost)  
  21  1:39  Probe (Chrono Boost)  
  22  1:46  Gateway  
  22  1:49  Probe (Chrono Boost)  
  23  2:00  Probe (Chrono Boost)  
  23  2:04  Stargate  
  23  2:12  Mothership Core (Chrono Boost)  
  25  2:17  Stalker  
  27  2:29  Pylon  
  30  2:53  Warp Gate  
  30  3:06  Nexus  
  30  3:12  Stalker  
  32  3:23  Stalker  
  32  3:25  Pylon  
  30  3:32  Pylon  
  26  3:49  Probe (Chrono Boost), Stalker  
  28  4:00  Probe (Chrono Boost)  
  29  4:03  Stalker  
  31  4:12  Probe (Chrono Boost)  
  31  4:15  Twilight Council  
  32  4:21  Probe (Chrono Boost)  
  34  4:33  Probe (Chrono Boost)  
  34  4:37  Blink, Pylon  
  34  4:39  Probe (Chrono Boost)  
  34  4:45  Probe (Chrono Boost)  
  32  5:09  Stalker x2  
  34  5:32  Stalker x2  
  38  5:40  Dark Shrine  
  26  6:12  Stalker x2  
  26  6:18  Gateway  
Show
View Real Time Build Order
Export as new Build Order

RuFF Terran - Winner!

Build Orders:  

Get SALT Encoding   

  12  0:00  SCV  
  13  0:12  SCV  
  14  0:17  Supply Depot  
  14  0:24  SCV  
  14  0:27  Refinery  
  15  0:39  SCV  
  16  0:45  Barracks  
  16  0:51  SCV  
  17  1:07  SCV  
  17  1:08  Barracks  
  18  1:14  Refinery  
  18  1:20  SCV  
  19  1:31  Marine  
  20  1:38  Orbital Command  
  20  1:50  Barracks Reactor  
  20  1:56  Barracks Reactor  
  20  2:05  SCV  
  20  2:06  Supply Depot  
  21  2:09  Engineering Bay  
  21  2:19  SCV  
  22  2:26  Reaper  
  22  2:28  Reaper  
  24  2:32  Reaper x2  
  24  2:35  Terran Infantry Weapons Level 1  
  24  2:36  SCV  
  27  2:44  Missile Turret  
  27  2:58  Reaper  
  28  3:00  Reaper  
  28  3:04  Reaper  
  30  3:23  Reaper  
  31  3:28  Missile Turret  
  31  3:39  Reaper, SCV  
  33  3:51  Reaper  
  33  3:52  Reaper  
  34  3:55  SCV  
  34  3:56  Reaper  
  34  4:00  Command Center  
  34  4:01  Supply Depot  
  36  4:02  Missile Turret  
  36  4:12  Reaper  
  37  4:24  Reaper x2  
  39  4:28  Reaper  
  40  4:39  SCV  
  40  4:44  Reaper  
  40  4:45  Barracks  
  42  4:51  SCV  
  42  5:10  Reaper x3  
  45  5:17  Reaper  
  44  5:23  SCV  
  44  5:25  Orbital Command  
  45  5:31  Barracks  
  45  5:38  SCV  
  45  5:39  Barracks Tech Lab  
  45  5:42  Reaper x2  
  48  5:48  Supply Depot  
  48  5:50  SCV  
  42  6:14  Reaper x2  
Tags
 
Add a new tag
Caveats
  • Supply blocks, unpowered buildings, or Contaminate may cause inaccurate times.
  • Supply counts are checked every 10 seconds.